 Dungeon Crawl Stone Soup version 0.23.2-33-g5129a83184 (webtiles) character file.

Game seed: 9165779115802505321

481 Derp the Conjurer (level 6, -3/32 HPs)
             Began as a Deep Elf Conjurer on July 13, 2019.
             Slain by a centaur skeleton (8 damage)
             ... on level 4 of the Dungeon.
             The game lasted 00:14:15 (2319 turns).

Derp the Conjurer (Deep Elf Conjurer)               Turns: 2319, Time: 00:14:15

Health: -3/32      AC:  3    Str:  5    XL:     6   Next: 87%
Magic:  10/16      EV: 14    Int: 27    God:
Gold:   68         SH:  0    Dex: 15    Spells: 15/16 levels left

rFire    . . .     SeeInvis .   o - +0 scythe
rCold    . . .     Gourm    .   (shield currently unavailable)
rNeg     + . .     Faith    .   p - +1 robe {rN+}
rPois    .         Spirit   .   (no helmet)
rElec    .         Reflect  .   (no cloak)
rCorr    .         Harm     .   (no gloves)
MR       .....                  (no boots)
Stlth    +++.......             (no amulet)
HPRegen  0.10/turn              (no ring)
MPRegen  0.15/turn              (no ring)

@: brilliant
A: no striking features
a: no special abilities


You were on level 4 of the Dungeon.
You were not hungry.

You visited 1 branch of the dungeon, and saw 4 of its levels.

You collected 68 gold pieces.

Inventory:

Hand Weapons
 i - a +0 dagger of speed
 o - a +0 scythe (weapon)
Armour
 a - a +0 robe
 p - a +1 robe of positive energy (worn)
Jewellery
 g - an uncursed amulet of guardian spirit
 r - an uncursed ring of flight
Wands
 n - a wand of digging (8)
Scrolls
 e - a scroll of remove curse {unknown}
 f - a scroll of enchant weapon {unknown}
 k - a scroll of fear {unknown}
 l - 3 scrolls of teleportation
 t - a scroll of blinking {unknown}
Potions
 b - a potion of resistance {unknown}
 m - a potion of heal wounds {unknown}
 q - a potion of degeneration {unknown}
 s - a potion of mutation {unknown}
Comestibles
 c - 4 rations


   Skills:
 + Level 3.7 Dodging
 + Level 3.8 Stealth
 + Level 5.8 Spellcasting
 + Level 7.1 Conjurations


You had 15 spell levels left.
You knew the following spells:

 Your Spells              Type           Power        Failure   Level  Hunger
a - Magic Dart            Conj           ####         1%          1    None

Your spell library contained the following spells:

 Spells                   Type           Power        Failure   Level  Hunger
 Searing Ray              Conj           ######       1%          2    None
 Dazzling Spray           Conj/Hex       #####.       1%          3    None
 Force Lance              Conj/Tloc      #####...     1%          4    ###....
 Fulminant Prism          Conj/Hex       #####.....   1%          4    ###....
 Iskenderun's Mystic Bla  Conj           ######..     1%          4    ###....


Dungeon Overview and Level Annotations

Branches:
Dungeon (4/15)
 Temple: D:4-7

Altars:

Annotations:
D:2 Purgy
D:3 Ijyb


Message History

Aiming: Magic Dart (safe; 1% risk of failure)
Press: ? - help, Shift-Dir - straight line, f/p - centaur skeleton
Aim: a centaur skeleton (heavily damaged)
The magic dart hits the centaur skeleton.
The centaur skeleton is heavily damaged.
The centaur skeleton hits you.
* * * LOW HITPOINT WARNING * * *
It was a potion of brilliance.
You feel clever all of a sudden. The centaur skeleton hits you.
* * * LOW HITPOINT WARNING * * *
Casting: Magic Dart (safe; 1% risk of failure)
Confirm with . or Enter, or press ? or * to list all spells.
Aiming: Magic Dart (safe; 1% risk of failure)
Press: ? - help, Shift-Dir - straight line, f/p - centaur skeleton
Aim: a centaur skeleton (heavily damaged)
The magic dart hits the centaur skeleton.
The centaur skeleton is severely damaged.
The centaur skeleton hits you!
You die...

#####
########.....
#..........#
#...?......#
#..........##
#............
#..@Z<.....#
#..........#
#..........#
############


You could see a centaur skeleton.

Vanquished Creatures
  Grinder (D:3)
  Sigmund (D:2)
  6 adders
  A worm (D:3)
  4 leopard geckos
  A ball python (D:1)
  5 giant cockroaches
  5 hobgoblins
  4 jackals (D:1)
  7 bats
  6 frilled lizards
  10 goblins
  9 kobolds
  7 rats
67 creatures vanquished.

Notes
Turn   | Place    | Note
-------+----------+-------------------------------------------
     0 | D:1      | Derp the Deep Elf Conjurer began the quest for the Orb.
     0 | D:1      | Reached XP level 1. HP: 10/10 MP: 6/6
   139 | D:1      | Reached XP level 2. HP: 15/15 MP: 4/8
   369 | D:1      | Reached skill level 5 in Conjurations
   528 | D:1      | Reached XP level 3. HP: 19/19 MP: 4/9
   984 | D:2      | Noticed Sigmund
   992 | D:2      | Killed Sigmund
   992 | D:2      | Reached skill level 6 in Conjurations
   992 | D:2      | Reached XP level 4. HP: 24/24 MP: 1/12
   992 | D:2      | Reached XP level 5. HP: 28/28 MP: 1/13
  1638 | D:3      | Noticed Grinder
  1666 | D:3      | Killed Grinder
  1666 | D:3      | Reached skill level 5 in Spellcasting
  1666 | D:3      | Reached skill level 7 in Conjurations
  1666 | D:3      | Reached XP level 6. HP: 12/32 MP: 3/16
  1783 | D:3      | Noticed Ijyb
  2037 | D:3      | Noticed Purgy
  2319 | D:4      | Slain by a centaur skeleton

Skill      XL: |  1  2  3  4  5 |
---------------+----------------+-----
Conjurations   | 5 6 7 |  7.1
Stealth        | 3 |  3.8
Dodging        | 3 |  3.7
Spellcasting   | 4 5 |  5.8

Action                   |  1- 3 |  4- 6 || total
-------------------------+-------+-------++-------
Melee: Unarmed           |     7 |       ||     7
 Cast: Magic Dart        |    69 |   109 ||   178
  Use: Scroll            |       |     5 ||     5
       Potion            |       |     3 ||     3
  Eat: Ration            |       |     1 ||     1
       Chunk             |       |     1 ||     1
Armor: Robe              |     4 |    12 ||    16
Dodge: Dodged            |    33 |    47 ||    80
